 Dungeon Crawl Stone Soup version 0.22-a0-322-g60b3cfd (webtiles) character file.

4442 Cattac the Grappler (level 10, 0/70 HPs)
             Began as a Ghoul Gladiator on Apr 1, 2018.
             Was a Believer of Hepliaklqana.
             Slain by an orc warrior
             ... wielding a +0 glaive
              (20 damage)
             ... on level 1 of the Orcish Mines.
             The game lasted 01:25:12 (5959 turns).

Cattac the Grappler (Ghoul Gladiator)               Turns: 5959, Time: 01:25:13

Health: 0/70       AC: 13    Str: 27    XL:     10   Next: 37%
Magic:  9/9        EV: 13    Int:  3    God:    Hepliaklqana [**....]
Gold:   347        SH:  0    Dex: 11    Spells: 9/9 levels left

rFire    + . .     SeeInvis .     - Unarmed
rCold    + + .     Gourm    .   (no shield)
rNeg     + + +     Faith    .   x - +1 ring mail of Oplier {rPois}
rPois    ∞         Spirit   .   f - +0 helmet
rElec    +         Reflect  .   C - +1 cloak {MR+}
rCorr    +         Harm     .   (no gloves)
MR       +....                  J - +0 pair of boots {Fly}
Stlth    +.........             (no amulet)
HPRegen  0.00/turn              z - +3 ring of strength
MPRegen  0.11/turn              r - +3 ring of strength

@: resistant, flying, rotting
A: rotting body, reduced essence, claws 1, carnivore, cold resistance 1,
negative energy resistance 3, inhibited regeneration, torment resistance,
unbreathing
a: Recall Ancestor, Ancestor Identity, Renounce Religion, Stop Flying


You were on level 1 of the Orcish Mines.
You worshipped Hepliaklqana.
Hepliaklqana was pleased with you.
You were not hungry.

You visited 2 branches of the dungeon, and saw 9 of its levels.

You collected 347 gold pieces.

Inventory:

Hand Weapons
 w - a +2 dagger of venom
Missiles
 c - a throwing net (quivered)
Armour
 f - a +0 helmet (worn)
 x - the +1 ring mail of Oplier (worn) {rPois}
   (You found it on level 4 of the Dungeon)

   It protects you from poison.
 C - a +1 cloak of magic resistance (worn)
 J - a +0 pair of boots of flying (worn)
 L - a +0 troll leather armour
Jewellery
 k - an uncursed ring of ice
 r - a +3 ring of strength (right claw)
 z - a +3 ring of strength (left claw)
 H - an uncursed ring of magical power
Wands
 a - a wand of random effects (43)
 n - a wand of disintegration (13)
 F - a wand of paralysis (17)
Scrolls
 b - a scroll of fog
 e - a scroll of fear {unknown}
 h - a scroll of enchant weapon
 l - a scroll of teleportation {unknown}
 o - 2 scrolls of blinking
 t - a scroll of magic mapping {unknown}
 v - a scroll of amnesia {unknown}
 y - a scroll of enchant armour {unknown}
 D - a scroll of remove curse {unknown}
 G - a scroll of random uselessness {unknown}
Potions
 g - 3 potions of curing
 i - 2 potions of magic
 j - 2 potions of brilliance
 m - a potion of agility
 p - a potion of lignification {unknown}
 q - a potion of degeneration
 s - 2 potions of heal wounds
 A - a potion of might {unknown}
 B - a potion of resistance
 E - a potion of haste {unknown}
 I - 2 potions of ambrosia {unknown}
Comestibles
 d - 15 rations


   Skills:
 + Level 3.9 Fighting
 + Level 1.9 Throwing
 * Level 8.4 Armour
 + Level 4.7 Dodging
 + Level 2.9 Stealth
 + Level 11.2 Unarmed Combat


You had 9 spell levels left.
You didn't know any spells.

Dungeon Overview and Level Annotations

Branches:
Dungeon (9/15)                Orc (1/2) D:9
 Temple: D:4-7         Lair: D:8-11

Altars:
Fedhas
Gozag
Hepliaklqana
Nemelex Xobeh
Okawaru
Sif Muna
Uskayaw
Yredelemnul


Innate Abilities, Weirdness & Mutations

Your body is rotting away.
You thrive on raw meat.
You are immune to poison.
You have sharp fingernails.
You are carnivorous and can eat meat at any time.
Your flesh is cold resistant. (rC+)
You are immune to negative energy. (rN+++)
You do not regenerate when monsters are visible.
You are immune to unholy pain and torment.
You can survive without breathing.
Your life essence is reduced to manifest your ancestor. (-10% HP)


Message History

You scratch the orc warrior.
The orc warrior is moderately wounded.
The teleport trap disappears.
The warg disappears!
You scratch the orc warrior.
The orc warrior is moderately wounded.
The orc misses you. The orc hits you but does no damage.
The orc warrior hits you with a glaive!!
You scratch the orc warrior.
The orc warrior is heavily wounded.
The orc hits you but does no damage. x2
The orc warrior hits you with a glaive!!
* * * LOW HITPOINT WARNING * * *
The orc hits you but does no damage.
You feel protected. The orc warrior closely misses you.
The orc wizard hits you but does no damage.
The orc barely misses you. The orc completely misses you.
You barely miss the orc wizard.
The orc warrior hits you from afar with a glaive!!
You die...

......$.......
......>.$.....##
..$............##
...#...#.##...#.##
......#..##......###
...........#..#.##<###
........o))....##....##
......oo@.............#
..##...o##..#...#.....#
#..#.##...#.#.....##
#.........###....###
..#..#.##.## ##..## ..
..##.#### #### . ...
..$ ..# ..#


You could see an orc warrior, an orc wizard and 2 orcs.

Vanquished Creatures
  Erica (D:9)
  Maurice (D:9)
  3 hornets (D:9)
  Sigmund (D:5)
  Eustachio (D:6)
  Duvessa (D:6)
  2 sky beasts
  3 ogres
  A black bear (D:5)
  Blork the orc (D:5)
  A wyvern skeleton (D:6)
  Dowan (D:6)
  3 scorpions
  A water moccasin skeleton (D:4)
  A wight (D:5)
  A howler monkey (D:5)
  2 crimson imps
  A centaur skeleton (D:5)
  An orc priest (D:5)
  Crazy Yiuf (D:4)
  2 hounds
  6 orc wizards
  2 iguanas (D:5)
  5 worker ants
  A killer bee zombie (D:9)
  A hound skeleton (D:6)
  4 gnolls (D:9)
  An adder (D:3)
  An adder zombie (D:5)
  3 worms
  A dart slug (D:1)
  3 leopard geckos
  22 orcs
  A ball python (D:3)
  6 giant cockroaches
  5 goblins
  5 hobgoblins
  7 jackals
  4 quokkas
  2 bats
  7 frilled lizards
  5 kobolds
  7 rats
129 creatures vanquished.

Vanquished Creatures (collateral kills)
  A troll (D:9)
  A sky beast (D:6)
  An ogre (Orc:1)
  A scorpion (D:5)
  2 water moccasin skeletons
  A howler monkey (D:6)
  A crimson imp (D:9)
  A hound (D:5)
  2 orc wizards
  A centaur skeleton (D:4)
  2 iguanas
  An adder (D:9)
  A dart slug (D:4)
  2 leopard geckos
  5 orcs
  A giant cockroach (D:5)
  A goblin (D:3)
25 creatures vanquished.

Vanquished Creatures (others)
  2 hexers
  An ancestor (D:5)
3 creatures vanquished.

Grand Total: 157 creatures vanquished

Notes
Turn   | Place    | Note
-------+----------+-------------------------------------------
     0 | D:1      | Cattac the Ghoul Gladiator began the quest for the Orb.
     0 | D:1      | Reached XP level 1. HP: 17/17 MP: 0/0
     2 | D:1      | Noticed a human
     4 | D:1      | Noticed a vine stalker
     4 | D:1      | Noticed a merfolk
     6 | D:1      | Noticed a formicid
     6 | D:1      | Noticed a dwarf
     8 | D:1      | Noticed a halfling
     8 | D:1      | Noticed a draconian
    10 | D:1      | Noticed a demigod
    10 | D:1      | Noticed an elf
    12 | D:1      | Noticed a felid
    12 | D:1      | Noticed a centaur
    15 | D:1      | Noticed a naga
    17 | D:1      | Noticed a gargoyle
    17 | D:1      | Noticed a tengu
    19 | D:1      | Noticed a vampire
    19 | D:1      | Noticed a spriggan
    21 | D:1      | Noticed an ogre
    21 | D:1      | Noticed a demonspawn
    23 | D:1      | Noticed a ghoul
    23 | D:1      | Noticed a minotaur
    25 | D:1      | Noticed an octopode
    27 | D:1      | Noticed a troll
   198 | D:1      | Reached XP level 2. HP: 17/24 MP: 1/1
   694 | D:2      | Reached skill level 1 in Armour
   694 | D:2      | Reached XP level 3. HP: 29/29 MP: 2/2
  1676 | D:3      | Reached skill level 4 in Unarmed Combat
  1676 | D:3      | Reached XP level 4. HP: 19/37 MP: 3/3
  1778 | D:3      | Found a basalt altar of Yredelemnul.
  1778 | D:3      | Found a hide-covered altar of Uskayaw.
  1997 | D:3      | Found a sparkling altar of Nemelex Xobeh.
  2008 | D:3      | Found a deep blue altar of Sif Muna.
  2017 | D:3      | Found a hazy altar of Hepliaklqana.
  2026 | D:3      | Found an opulent altar of Gozag.
  2038 | D:3      | Became a worshipper of Hepliaklqana the Forgotten
  2114 | D:3      | Reached XP level 5. HP: 37/37 MP: 4/4
  2533 | D:4      | Got a twisted ring mail
  2544 | D:4      | Identified the +1 ring mail of Oplier {rPois} (You found it on level 4 of the Dungeon)
  2685 | D:4      | Found an iron altar of Okawaru.
  2698 | D:4      | Reached skill level 5 in Unarmed Combat
  2726 | D:4      | Reached XP level 6. HP: 29/43 MP: 5/5
  2919 | D:4      | Found a runed door.
  2923 | D:4      | Noticed Crazy Yiuf
  2929 | D:4      | Killed Crazy Yiuf
  3212 | D:4      | Reached * piety under Hepliaklqana
  3521 | D:5      | Entered Level 5 of the Dungeon
  3533 | D:5      | Reached skill level 6 in Unarmed Combat
  3550 | D:5      | Noticed a black bear
  3559 | D:5      | Killed a black bear
  3559 | D:5      | Reached XP level 7. HP: 50/50 MP: 6/6
  3751 | D:5      | Reached skill level 1 in Stealth
  3793 | D:5      | Reached skill level 7 in Unarmed Combat
  3793 | D:5      | Reached XP level 8. HP: 46/55 MP: 7/7
  3964 | D:5      | Reached skill level 5 in Armour
  3989 | D:5      | Found a blossoming altar of Fedhas.
  4068 | D:5      | Noticed Sigmund
  4087 | D:5      | Killed Sigmund
  4102 | D:5      | Noticed Blork the orc
  4107 | D:5      | Killed Blork the orc
  4140 | D:6      | Reached skill level 8 in Unarmed Combat
  4528 | D:6      | Reached XP level 9. HP: 55/62 MP: 8/8
  4671 | D:6      | Reached ** piety under Hepliaklqana
  4673 | D:6      | Remembered your ancestor Julilan as a hexer
  4795 | D:6      | Noticed Duvessa
  4795 | D:6      | Noticed Dowan
  4801 | D:6      | Killed Dowan
  4840 | D:6      | Killed Duvessa
  4840 | D:6      | Reached skill level 9 in Unarmed Combat
  4905 | D:6      | Noticed Eustachio
  4913 | D:6      | Killed Eustachio
  5223 | D:7      | You fall through a shaft for 2 floors!
  5223 | D:9      | Noticed Erica
  5229 | D:9      | Noticed Maurice
  5236 | D:9      | Killed Erica
  5236 | D:9      | Reached skill level 10 in Unarmed Combat
  5260 | D:9      | Killed Maurice
  5292 | D:9      | Upgraded the game from 0.22-a0-315-ge0921bb to 0.22-a0-322-g60b3cfd
  5314 | D:9      | Noticed a hornet
  5329 | D:9      | Killed a hornet
  5329 | D:9      | Reached XP level 10. HP: 24/69 MP: 9/9
  5578 | D:9      | Identified the Reference Book on Aerial Companions
  5616 | D:9      | Reached skill level 11 in Unarmed Combat
  5918 | D:9      | Found a staircase to the Orcish Mines.
  5928 | Orc:1    | Entered Level 1 of the Orcish Mines
  5959 | Orc:1    | Slain by an orc warrior

Vault maps used:
D:1:      kb_arrival_jail
D:2:      minmay_lizard_king
D:3:      grunt_temple_overflow_cloverleaf,
          chequers_temple_overflow_statue_of_worship, first_ration,
          grunt_ministairs_9
D:4:      okawaru_trees_1, minmay_misc_feat_columns, uniq_crazy_yiuf_cottage
D:5:      kennysheep_big_flooded_room, basic_altar, hangedman_decor_growths,
          uniq_blork_the_orc, uniq_sigmund
D:6:      uniq_eustachio, uniq_duvessa
D:7:      temple_pool_b, uniq_prince_ribbit1
D:9:      orc_0_dummy, serial_curves, eino_curves_04, eino_curves_01,
          uniq_erica, uniq_maurice
Orc:1:    uniq_urug

Skill      XL: |  1  2  3  4  5  6  7  8  9 10 |
---------------+-------------------------------+-----
Dodging        | 3 4 |  4.7
Armour         | 1 2 3 4 6 8 |  8.4
Unarmed Combat | 4 5 6 7 8 10 11 | 11.2
Stealth        | 1 2 |  2.9
Fighting       | 3 |  3.9
Throwing       | |  1.9

Action                   |  1- 3 |  4- 6 |  7- 9 | 10-12 || total
-------------------------+-------+-------+-------+-------++-------
Melee: Unarmed           |    97 |   158 |   207 |    55 ||   517
       Punch             |       |     3 |     4 |     5 ||    12
Throw: Throwing net      |     3 |       |     2 |       ||     5
Invok: Ancestor Identity |       |     2 |       |       ||     2
       Recall Ancestor   |       |       |     1 |       ||     1
       Ancestor Life: He |       |       |     1 |       ||     1
Evoke: Wand              |       |       |     1 |       ||     1
  Use: Potion            |     4 |     1 |       |     1 ||     6
       Scroll            |     3 |     5 |     2 |     4 ||    14
 Stab: Distracted        |       |     1 |     1 |       ||     2
       Confused          |       |       |       |     1 ||     1
  Eat: Chunk             |     9 |    20 |    25 |    11 ||    65
Armor: Leather armour    |     4 |       |       |       ||     4
       Ring mail         |    25 |    47 |    71 |    25 ||   168
Dodge: Dodged            |    49 |    77 |    82 |    49 ||   257

Table legend:
 A = Spawn XP
 B = Non-spawn XP
 C = Spawn XP percentage of total XP
 D = Spawn monster count
 E = Non-spawn monster count
 F = Spawn count percentage of total count
 G = Total turns spent on level
                    A         B        C        D         E        F      G
               +---------+---------+-------+---------+---------+-------+---------
         Total |       0 |    6346 |   0.0 |       0 |     154 |   0.0 |  5959
               +---------+---------+-------+---------+---------+-------+---------
           D:1 |       0 |      25 |   0.0 |       0 |      17 |   0.0 |   652
           D:2 |       0 |      26 |   0.0 |       0 |      11 |   0.0 |   982
           D:3 |       0 |     193 |   0.0 |       0 |      35 |   0.0 |   820
           D:4 |       0 |     241 |   0.0 |       0 |      16 |   0.0 |  1067
           D:5 |       0 |    1303 |   0.0 |       0 |      25 |   0.0 |   613
           D:6 |       0 |    1244 |   0.0 |       0 |      22 |   0.0 |   978
           D:7 |       0 |      51 |   0.0 |       0 |       6 |   0.0 |   111
           D:9 |       0 |    2893 |   0.0 |       0 |      19 |   0.0 |   705
         Orc:1 |       0 |     370 |   0.0 |       0 |       3 |   0.0 |    31
               +---------+---------+-------+---------+---------+-------+---------
